 Dungeon Crawl Stone Soup version 0.28.0-43-g3370ac3207 (webtiles) character file.

Game seed: 17160412190276174337

1741 porpoise the Skirmisher (level 9, -8/70 HPs)
             Began as a Djinni Fire Elementalist on Mar 27, 2022.
             Was an Initiate of Ashenzari.
             Mangled by Harold
             ... wielding a +4 trident of flaming
              (19 damage)
             ... on level 7 of the Dungeon.
             The game lasted 00:27:20 (7706 turns).

porpoise the Skirmisher (Djinni Fire Elementalist)  Turns: 7706, Time: 00:27:20

Health: -8/70      AC:  6    Str: 16    XL:     9   Next: 26%
Gold:   1658       EV:  6    Int: 24    God:    Ashenzari [......] SH:  0 Dex: 14

rFire   + + .      SeeInvis .   a - +11 dagger of Growth {holy, Fragile rElec Str+3}
rCold   x . .      Faith    +   (no shield)
rNeg    . . .      Spirit   .   j - +0 robe
rPois   ∞          Reflect  .   n - +0 helmet
rElec   +          Harm     .   (no cloak)
rCorr   .          Rampage  .   B - +2 pair of gloves
Will    +....                   (boots unavailable)
Stlth   +++.......              g - amulet "Bound Omen" {Faith Will+ Int+3, Self, Cun} (curse)
HPRegen 0.21/turn               l - +6 ring of strength
MPRegen 0.00/turn               (no ring)

@: flying, held
A: sickness immunity, fire resistance 2, cold vulnerability 1, float, innate
caster, HP casting, extra vitality 1
a: Renounce Religion, Curse Item, Shatter the Chains


You were on level 7 of the Dungeon.
You worshipped Ashenzari.
Ashenzari was noncommittal.
You visited 1 branch of the dungeon, and saw 7 of its levels.
You also visited: Sewer.

You collected 1710 gold pieces.
You spent 52 gold pieces at shops.

Inventory:

Hand Weapons
 a - the +11 dagger of Growth (weapon) {holy, Fragile rElec Str+3}
   (You took it off a kobold on level 2 of the Dungeon)

   It has been blessed by the Shining One to cause great damage to the undead
   and demons.
   Str:       It affects your strength (+3).
   rElec:     It insulates you from electricity.
   Fragile:   It will be destroyed if unequipped.
 d - a +0 hunting sling
 i - a +2 short sword of holy wrath
Missiles
 b - a boomerang
 c - 18 arrows
 f - 107 stones
 h - 3 silver boomerangs
 k - 91 sling bullets
 p - 2 curare-tipped darts (quivered)
 y - 21 bolts
 E - 5 poisoned darts
Armour
 j - a +0 robe (worn)
 n - a +0 helmet (worn)
 B - a +2 pair of gloves (worn)
Magical Staves
 C - a staff of cold
Jewellery
 g - the cursed amulet "Bound Omen" (around neck) {Faith Will+ Int+3, Self, Cun}
   (You took it off a hobgoblin on level 3 of the Dungeon)

   [amulet of faith]

   It allows you to gain divine favour quickly.
   Int:       It affects your intelligence (+3).
   Will:      It increases your willpower.
   It has a curse which improves the following skills: Introspection: Fighting
   and Spellcasting.
   Cunning:   Dodging and Stealth.
 l - a +6 ring of strength (left hand)
 D - an amulet of regeneration
Wands
 m - a wand of digging (2)
Scrolls
 e - 2 scrolls of teleportation
 r - a scroll of fog
 z - 2 scrolls of vulnerability
 F - a scroll of fear
Potions
 o - 2 potions of resistance
 q - a potion of brilliance
 s - a potion of berserk rage
 t - a potion of cancellation
 u - 3 potions of heal wounds
 v - a potion of invisibility
 w - 2 potions of haste
 x - 2 potions of might
 G - a potion of curing
 H - a potion of lignification {unknown}


   Skills:
 * Level 7.3(7.8) Fighting
 - Level 2.1(2.5) Dodging
 + Level 3.9(4.3) Stealth
 * Level 6.2(6.6) Spellcasting


You couldn't memorise any spells.
You knew the following spells:

 Your Spells              Type           Power      Damage    Failure   Level
a - Foxfire               Conj/Fire      100%       2x1d9     1%          1
b - Searing Ray           Conj           80%        2d7       1%          2
c - Conjure Flame         Conj/Fire      40%        6-21      1%          3
d - Inner Flame           Hex/Fire       40%        N/A       1%          3
l - Summon Lightning Spi  Summ/Air       40%        N/A       4%          4
p - Passwall              Tmut/Erth      33%        N/A       1%          2
s - Scorch                Fire           80%        2d9       1%          2
t - Sting                 Tmut/Pois      100%       1d8       1%          1
w - Flame Wave            Conj/Fire      40%        2d9       4%          4
Your spell library was empty.

Dungeon Overview and Level Annotations

Branches:
Dungeon (7/15)              Sewer (visited)
 Temple: D:4-7

Altars:
Ashenzari
Cheibriados
Elyvilon
Hepliaklqana
Kikubaaqudgha
Okawaru
Ru

Shops:
D:1 ?

Annotations:
D:7 Harold


Innate Abilities, Weirdness & Mutations

You are immune to sickness and miasma.
You are immune to poison.
Your flesh is very heat resistant. (rF++)
You are vulnerable to cold. (rC-)
You float through the air rather than walking.
You learn spells naturally, not from books.
Your magical power is your life essence.
You have superior vitality. (+4 MHP)


Message History

Casting: Foxfire (safe; 1% risk of failure)
Confirm with . or Enter, or press ? or * to list all spells.
You conjure some foxfire!
Your lightning spire shoots out a bolt of lightning at Harold!
The bolt of electricity hits your foxfire!
The bolt of electricity hits Harold.
The foxfire hits Harold.
Harold is heavily wounded.
The foxfire hits Harold.
Harold is heavily wounded.
Harold hits you from afar with a +4 trident of flaming!!
Harold burns you.
Casting: Foxfire (safe; 1% risk of failure)
Confirm with . or Enter, or press ? or * to list all spells.
You conjure some foxfire!
Harold hits you from afar with a +4 trident of flaming!
Harold burns you.
The foxfire hits Harold!
Harold is heavily wounded.
The foxfire hits Harold.
Harold is severely wounded.
Casting: Foxfire (safe; 1% risk of failure)
Confirm with . or Enter, or press ? or * to list all spells.
You conjure some foxfire!
Harold hits you from afar with a +4 trident of flaming!
* * * LOW HITPOINT WARNING * * *
Harold burns you.
* * * LOW HITPOINT WARNING * * *
Your lightning spire shoots out a bolt of lightning at Harold!
The bolt of electricity hits Harold!
Casting: Foxfire (safe; 1% risk of failure)
Confirm with . or Enter, or press ? or * to list all spells.
You conjure some foxfire!
* * * LOW HITPOINT WARNING * * *
The foxfire hits Harold.
Harold is almost dead.
The foxfire hits Harold but does no damage.
Harold is almost dead.
Harold hits you from afar with a +4 trident of flaming!!
You die...

....>......#
..........##
#....$.....#
#...........
#...(.......
#...@.....#.
#..v.......
#v@§8.#
#####.....
... .


You could see Harold (poisoned, slow, ally target) and a friendly lightning
spire (summoned).

Vanquished Creatures
  Grinder (D:6)
  Eustachio (D:6)
  Menkaure (D:6)
  A water moccasin (D:5)
  An ice beast (D:6)
  A black bear (D:6)
  An ogre (D:5)
  A necrophage (D:4)
  A phantom (D:6)
  A bullfrog (D:6)
  A scorpion (D:5)
  A howler monkey (D:3)
  A centaur zombie (D:5)
  2 hounds
  A centaur skeleton (D:4)
  An iguana (D:5)
  4 orc wizards
  A hound zombie (D:5)
  7 adders
  9 river rats
  2 white imps
  An adder zombie (D:5)
  An adder skeleton (D:2)
  4 worms
  3 dart slugs
  14 orcs
  6 ball pythons
  9 endoplasms
  2 giant cockroaches
  3 goblins
  9 hobgoblins
  10 jackals
  18 kobolds
  A quokka (D:5)
  9 bats
  9 frilled lizards
  32 rats
171 creatures vanquished.

Vanquished Creatures (others)
  309 foxfires
309 creatures vanquished.

Grand Total: 480 creatures vanquished

Notes
Turn   | Place    | Note
-------+----------+-------------------------------------------
     0 | D:1      | porpoise the Djinni Fire Elementalist began the quest for
                  | the Orb.
     0 | D:1      | Reached XP level 1. HP: 15/15 MP: 0/0
    63 | D:1      | Reached XP level 2. HP: 15/22 MP: 0/0
    65 | D:1      | Reached skill level 1 in Fighting
   590 | D:1      | Reached XP level 3. HP: 13/27 MP: 0/0
   590 | D:1      | Learned a level 1 spell: Sting
  1004 | D:1      | Found Larroch's Magic Scroll Shop.
  1012 | D:1      | Bought a scroll of identify for 26 gold pieces
  1012 | D:1      | Bought a scroll of identify for 26 gold pieces
  1166 | D:1      | Reached skill level 2 in Fighting
  1566 | D:2      | Identified the +11 dagger of Growth {holy, Fragile rElec
                  | Str+3}
  1616 | D:2      | Reached XP level 4. HP: 24/33 MP: 0/0
  2557 | D:3      | Identified a scroll of acquirement
  2557 | D:3      | Acquired 1297 gold pieces
  2624 | D:3      | Found a sacrificial altar of Ru.
  2672 | D:3      | Reached XP level 5. HP: 27/40 MP: 0/0
  2672 | D:3      | Learned a level 2 spell: Passwall
  2813 | D:3      | Found a snail-covered altar of Cheibriados.
  2813 | D:3      | Found an iron altar of Okawaru.
  2818 | D:3      | Found a broken altar of Ashenzari.
  2826 | D:3      | Became a worshipper of Ashenzari the Shackled
  2858 | D:3      | Reached skill level 3 in Fighting
  2976 | D:3      | Identified the amulet of Udawidad {Faith Will+ Int+3}
  3041 | D:3      | Reached XP level 6. HP: 45/46 MP: 0/0
  3069 | D:3      | Found a glowing drain.
  3129 | Sewer    | Entered a sewer
  3214 | Sewer    | Reached skill level 4 in Fighting
  4193 | D:3      | Reached XP level 7. HP: 50/53 MP: 0/0
  4193 | D:3      | Learned a level 2 spell: Searing Ray
  4703 | D:4      | Found a white marble altar of Elyvilon.
  5352 | D:5      | Entered Level 5 of the Dungeon
  5361 | D:5      | Found a hazy altar of Hepliaklqana.
  5371 | D:5      | Reached skill level 5 in Fighting
  5596 | D:5      | Noticed a water moccasin
  5601 | D:5      | Killed a water moccasin
  5602 | D:5      | Reached skill level 5 in Spellcasting
  5602 | D:5      | Reached XP level 8. HP: 48/61 MP: 0/0
  6104 | D:6      | Reached skill level 6 in Fighting
  6953 | D:6      | Noticed Grinder
  6956 | D:6      | Killed Grinder
  6957 | D:6      | Reached XP level 9. HP: 53/68 MP: 0/0
  6957 | D:6      | Learned a level 4 spell: Summon Lightning Spire
  7200 | D:6      | Noticed Menkaure
  7212 | D:6      | Killed Menkaure
  7213 | D:6      | Reached skill level 7 in Fighting
  7410 | D:6      | Noticed Eustachio
  7420 | D:6      | Killed Eustachio
  7696 | D:7      | Noticed Harold
  7706 | D:7      | Mangled by Harold

Illustrated notes

Levels and vault maps discovered:
D:1:      co_arrival_square_in_a_square_in_a_square, layout_rooms, serial_shops,
          nicolae_lakefront_shop, minmay_box_of_dots
D:2:      wander_river, layout_basic
D:3:      layout_rooms, mainiacjoe_overflow_catch_the_wave, minitemple,
          lightli_sewer_entry_pipes, minmay_close_crescents
D:4:      minmay_door_path, layout_basic, mainiacjoe_overflow_alcove_4,
          minmay_misc_feat_secret_circle, hangedman_decor_lopped
D:5:      layout_gridville, mainiacjoe_overflow_small_starburst
D:6:      layout_basic, uniq_eustachio, uniq_grinder, uniq_menkaure
D:7:      layout_rooms, nicolae_temple_entry_ecumenical, kennysheep_donut,
          uniq_harold

Skill      XL: |  1  2  3  4  5  6  7  8  9 |
---------------+----------------------------+-----
Fighting       | 1 2 3 4 5 6 7 |  7.3
Spellcasting   | 3 4 5 6 |  6.2
Stealth        | 2 3 |  3.9
Dodging        | |  2.1

Action                   |  1- 3 |  4- 6 |  7- 9 || total
-------------------------+-------+-------+-------++-------
Melee: Dagger            |       |    29 |    16 ||    45
Throw: Dart              |       |       |     1 ||     1
 Cast: Foxfire           |    55 |    98 |    28 ||   181
       Scorch            |       |     7 |    18 ||    25
       Searing Ray       |       |       |    18 ||    18
       Flame Wave        |       |       |     1 ||     1
       Conjure Flame     |       |       |     3 ||     3
       Summon Lightning  |       |       |     2 ||     2
Invok: Curse Item        |       |       |     1 ||     1
  Use: Scroll            |       |    14 |     4 ||    18
 Stab: Sleeping          |       |       |     3 ||     3
Armor: Robe              |     8 |     8 |    13 ||    29
Dodge: Dodged            |    32 |    17 |    30 ||    79
